 Dungeon Crawl Stone Soup version 0.23.2-1-ga50397a (webtiles) character file.

Game seed: 18176995547621760997

96 MalarOregon the Digger (level 4, -3/33 HPs)
             Began as a Ghoul Earth Elementalist on May 26, 2019.
             Killed from afar by Sigmund (6 damage)
             ... with a puff of flame
             ... on level 2 of the Dungeon.
             The game lasted 00:04:18 (1097 turns).

MalarOregon the Digger (Ghoul Earth Elementalist)   Turns: 1097, Time: 00:04:18

Health: -3/33      AC:  2    Str: 11    XL:     4   Next: 67%
Magic:  1/7        EV: 12    Int: 11    God:
Gold:   49         SH:  0    Dex:  9    Spells: 5/9 levels left

rFire    . . .     SeeInvis .   f - +0 hunting sling (flame)
rCold    + . .     Gourm    .   (no shield)
rNeg     + + +     Faith    .   c - +0 robe
rPois    ∞         Spirit   .   (no helmet)
rElec    .         Reflect  .   (no cloak)
rCorr    .         Harm     .   (no gloves)
MR       .....                  (no boots)
Stlth    ++........             (no amulet)
HPRegen  0.00/turn              (no ring)
MPRegen  0.10/turn              (no ring)

@: rotting
A: rotting body, claws 1, carnivore, cold resistance 1, negative energy
resistance 3, inhibited regeneration, torment resistance, unbreathing
a: no special abilities


You were on level 2 of the Dungeon.
You were not hungry.

You visited 1 branch of the dungeon, and saw 2 of its levels.

You collected 49 gold pieces.

Inventory:

Hand Weapons
 f - a +0 hunting sling of flaming (weapon)
   (You found it on level 1 of the Dungeon)
 n - a +2 vampiric trident
   (You found it on level 2 of the Dungeon)
Missiles
 b - 79 stones
 m - 5 sling bullets (quivered)
Armour
 c - a +0 robe (worn)
Wands
 l - a wand of polymorph (4)
   (You found it on level 2 of the Dungeon)
Scrolls
 i - 2 scrolls of identify {unknown}
 k - a scroll of blinking {unknown}
Potions
 a - a potion of flight {unknown}
 g - a potion of mutation {unknown}
 h - a potion of agility {unknown}
 j - 2 potions of curing {unknown}
Comestibles
 e - a ration {!d}


   Skills:
 - Level 1.7 Dodging
 - Level 2.1 Stealth
 + Level 3.1 Spellcasting
   Level 0.8 Transmutations
 + Level 4.7 Earth Magic


You had 5 spell levels left.
You knew the following spells:

 Your Spells              Type           Power        Failure   Level  Hunger
a - Sandblast             Erth           ##....       3%          1    #......
x - Stone Arrow           Conj/Erth      #.....       30%         3    ###....

Your spell library contained the following spells:

 Spells                   Type           Power        Failure   Level  Hunger
 Passwall                 Tmut/Erth      #.......     13%         2    ###....
 Petrify                  Tmut/Erth      #.......     63%         4    #####..
 Lee's Rapid Deconstruct  Erth           ##........   71%         5    ######.


Dungeon Overview and Level Annotations

Branches:
Dungeon (2/15)

Altars:

Annotations:
D:2 Sigmund


Innate Abilities, Weirdness & Mutations

Your body is rotting away.
You thrive on raw meat.
You are immune to poison.
You have sharp fingernails.
You are carnivorous and can eat meat at any time.
Your flesh is cold resistant. (rC+)
You are immune to negative energy. (rN+++)
You do not regenerate when monsters are visible.
You are immune to unholy pain and torment.
You can survive without breathing.


Message History

The blast of sand hits Sigmund but does no damage.
b - 81 stones Sigmund hits you from afar with a +5 scythe of protection.
Aim: Sigmund, wielding a +5 scythe of protection and wearing a +0 robe (heavily wounded)
The blast of sand hits Sigmund but does no damage.
b - 80 stones Sigmund hits you from afar with a +5 scythe of protection.
* * * LOW HITPOINT WARNING * * *
Eat one of 5 chunks of flesh? (ye/n/q)
You eat one of the 5 chunks of flesh.
This raw flesh tastes great!
Aim: Sigmund, wielding a +5 scythe of protection and wearing a +0 robe (heavily wounded)
The blast of sand hits Sigmund.
b - 79 stones Sigmund hits you from afar with a +5 scythe of protection!
* * * LOW HITPOINT WARNING * * *
Eat one of 4 chunks of flesh? (ye/n/q)
You eat one of the 4 chunks of flesh.
This raw flesh tastes great!
Sigmund completely misses you.
Eat one of 3 chunks of flesh? (ye/n/q)
You eat one of the 3 chunks of flesh.
This raw flesh tastes great!
Eat one of 2 chunks of flesh? (ye/n/q)
You eat one of the 2 chunks of flesh.
This raw flesh tastes great!
Sigmund hits you from afar with a +5 scythe of protection!
* * * LOW HITPOINT WARNING * * *
Eat a chunk of flesh? (ye/n/q)
You eat the chunk of flesh.
This raw flesh tastes great!
Sigmund barely misses you.
You eat one of the 2 rations {!d}.
That ration really hit the spot!
Firing (i - inventory. (/) - cycle)
m - 8 sling bullets (quivered)
Aim: Sigmund, wielding a +5 scythe of protection and wearing a +0 robe (severely wounded)
You shoot a sling bullet.
The sling bullet hits Sigmund but does no damage.
Sigmund gestures at you while chanting. The magic dart hits you.
* * * LOW HITPOINT WARNING * * *
Firing (i - inventory. (/) - cycle)
m - 7 sling bullets (quivered)
Aim: Sigmund, wielding a +5 scythe of protection and wearing a +0 robe (severely wounded)
You shoot a sling bullet. The sling bullet hits Sigmund.
The sling bullet burns Sigmund.
Sigmund hits you from afar with a +5 scythe of protection.
* * * LOW HITPOINT WARNING * * *
Firing (i - inventory. (/) - cycle)
m - 6 sling bullets (quivered)
Aim: Sigmund, wielding a +5 scythe of protection and wearing a +0 robe (severely wounded)
You shoot a sling bullet.
The sling bullet closely misses Sigmund.
Sigmund hits you from afar with a +5 scythe of protection.
* * * LOW HITPOINT WARNING * * *
Sigmund gestures at you while chanting. The puff of flame hits you.
You die...

###.............# #.#
###.............###.#
.................##.#
...............#.##.#
............####.##'####
......####..# #.(.....#
.....[####..####.......#
........(....@.........#
#............###@......#
#............###.......#
#..............#.......#
#.............@#.......#
.....#.................#
....<#.........#.#..####
.....####+####)#.#..#
.....# #...#.#..# .....#
#.#(#.#..#


You could see Sigmund.

Vanquished Creatures
  4 adders (D:2)
  An ooze (D:1)
  2 ball pythons (D:2)
  10 bats
  3 giant cockroaches (D:2)
  6 goblins
  5 hobgoblins
  4 jackals (D:2)
  5 kobolds
  3 frilled lizards (D:1)
  10 rats
53 creatures vanquished.

Notes
Turn   | Place    | Note
-------+----------+-------------------------------------------
     0 | D:1      | MalarOregon the Ghoul Earth Elementalist began the quest
                  | for the Orb.
     0 | D:1      | Reached XP level 1. HP: 14/14 MP: 2/2
   237 | D:1      | Reached XP level 2. HP: 17/20 MP: 4/4
   447 | D:1      | Reached skill level 4 in Earth Magic
   447 | D:1      | Reached XP level 3. HP: 17/26 MP: 5/5
   478 | D:1      | Learned a level 3 spell: Stone Arrow
   735 | D:2      | Reached XP level 4. HP: 21/33 MP: 0/7
  1024 | D:2      | Noticed Sigmund
  1097 | D:2      | Killed from afar by Sigmund

Skill      XL: |  1  2  3  4 |
---------------+-------------+-----
Spellcasting   | 2 3 |  3.1
Earth Magic    | 4 |  4.7
Dodging        | |  1.7
Stealth        | |  2.1
Transmutations | |  0.8

Action                   |  1- 3 |  4- 6 || total
-------------------------+-------+-------++-------
Melee: Unarmed           |    19 |       ||    19
 Fire: Hunting sling     |    83 |    35 ||   118
 Cast: Sandblast         |    17 |    20 ||    37
  Eat: Chunk             |     1 |     9 ||    10
       Ration            |       |     1 ||     1
Armor: Robe              |    26 |     5 ||    31
Dodge: Dodged            |    80 |     9 ||    89
